 Dungeon Crawl Stone Soup version 0.22.1-1-ga44c0e5 (webtiles) character file.

1994 HoaS the Fighter (level 9, -5/90 HPs)
             Began as a Gargoyle Berserker on Oct 21, 2018.
             Was an Elder of Trog.
             Killed by divine providence
             ... invoked by an orc priest
              (15 damage)
             ... on level 6 of the Dungeon.
             The game lasted 00:13:15 (4634 turns).

HoaS the Fighter (Gargoyle Berserker)               Turns: 4634, Time: 00:13:16

Health: -5/90      AC: 19    Str: 29    XL:     9   Next: 21%
Magic:  9/9        EV:  9    Int:  8    God:    Trog [****..]
Gold:   360        SH:  0    Dex:  9    Spells: 8/8 levels left

rFire    . . .     SeeInvis .     - Unarmed
rCold    . . .     Gourm    .   (no shield)
rNeg     + . .     Faith    .   o - +2 chain mail {MR+}
rPois    ∞         Spirit   .   m - +0 helmet
rElec    +         Reflect  .   (no cloak)
rCorr    .         Harm     .   (no gloves)
MR       +....                  (no boots)
Stlth    ..........             (no amulet)
HPRegen  0.25/turn              (no ring)
MPRegen  0.11/turn              (no ring)

@: berserking, very quick
A: negative energy resistance 1, electricity resistance, unbreathing,
petrification resistance, rot immunity, AC +6
a: Berserk, Trog's Hand, Brothers in Arms, Renounce Religion


You were on level 6 of the Dungeon.
You worshipped Trog.
Trog was greatly pleased with you.
You were not hungry.

You visited 1 branch of the dungeon, and saw 6 of its levels.

You collected 360 gold pieces.

Inventory:

Armour
 m - a +0 helmet (worn)
 o - a +2 chain mail of magic resistance (worn)
Jewellery
 f - an uncursed amulet of magic regeneration
 n - an uncursed ring of poison resistance {unknown}
Wands
 q - a wand of iceblast (5)
Scrolls
 e - 3 scrolls of remove curse
 g - 2 scrolls of blinking
 k - 4 scrolls of fear
 l - 2 scrolls of teleportation
 r - a scroll of fog
Potions
 a - a potion of might
 c - 3 potions of haste {unknown}
 h - 5 potions of curing {unknown}
 i - a potion of heal wounds {unknown}
 j - a potion of berserk rage {unknown}
 p - a potion of lignification {unknown}
 s - a potion of mutation {unknown}
Comestibles
 b - 12 rations


   Skills:
 * Level 8.8 Fighting
 + Level 6.0 Armour
 - Level 1.5 Dodging
 * Level 8.1 Unarmed Combat


You had 8 spell levels left.
You didn't know any spells.
Your spell library was empty.

Dungeon Overview and Level Annotations

Branches:
Dungeon (6/15)
 Temple: D:4-7

Altars:
Dithmenos
Elyvilon
Nemelex Xobeh
Xom
The Shining One


Innate Abilities, Weirdness & Mutations

You are resistant to torment.
Your stone body is resilient. (AC +6)
You are immune to poison.
You resist negative energy. (rN+)
You are resistant to electric shocks. (rElec)
You can survive without breathing.
You are immune to petrification.
You are immune to rotting.


Message History

The orc warrior is almost dead.
Your chain mail prevents you from hitting the orc warrior.
The orc warrior is almost dead.
The orc warrior barely misses you.
You punch the orc warrior!
You kill the orc warrior!
Trog accepts your kill.
You closely miss something.
Your skin stops crawling.
You feel less resistant to hostile enchantments.
Something hits you but does no damage.
You punch something! Something hits you but does no damage.
Your chain mail prevents you from hitting something.
Something hits you but does no damage.
You barely miss something.
The orc priest calls upon Beogh to heal the orc priest.
The orc priest's wounds heal themselves!
The orc priest mumbles some strange prayers to Beogh against you.
Beogh smites you!
You die...

#.........####....###
#.####.##........##
#.#######.### #.# #.#
#.# #.# ### #.# #.#
##... #.#######.#
#....o###.........######
#...oo{@..".............
#....{#####.############
..... ... #.#. .### # #
.# .# ..


You could see 2 orc priests and an orc.

Vanquished Creatures
  Pikel (D:4)
  An ice beast (D:5)
  A sky beast (D:5)
  An orc warrior (D:6)
  2 ogres
  5 wights (D:6)
  A howler monkey (D:5)
  3 crimson imps
  A centaur skeleton (D:5)
  A centaur zombie (D:6)
  3 hounds
  4 orc wizards
  An orc priest (D:3)
  Natasha (thrice) (D:4)
  2 worker ants
  A hound zombie (D:6)
  Robin (D:4)
  3 gnolls
  A howler monkey skeleton (D:4)
  10 adders
  A shadow imp (D:5)
  An adder skeleton (D:4)
  5 worms
  9 dart slugs
  4 leopard geckos
  15 orcs
  A ball python (D:2)
  8 bats
  2 giant cockroaches
  15 goblins
  12 hobgoblins
  3 jackals (D:5)
  A quokka (D:5)
  5 frilled lizards
  A jackal skeleton (D:6)
  7 kobolds
  A leopard gecko zombie (D:6)
  7 rats
144 creatures vanquished.

Notes
Turn   | Place    | Note
-------+----------+-------------------------------------------
     0 | D:1      | HoaS the Gargoyle Berserker began the quest for the Orb.
     0 | D:1      | Reached XP level 1. HP: 14/14 MP: 1/1
   261 | D:1      | Reached XP level 2. HP: 14/19 MP: 2/2
   599 | D:1      | Reached XP level 3. HP: 19/24 MP: 3/3
   913 | D:2      | Reached ** piety under Trog
   978 | D:1      | Reached XP level 4. HP: 24/29 MP: 4/4
  1233 | D:2      | Reached XP level 5. HP: 29/34 MP: 5/5
  1723 | D:3      | Found a sparkling altar of Nemelex Xobeh.
  1766 | D:3      | Found a shadowy altar of Dithmenos.
  1868 | D:3      | Found a glowing golden altar of the Shining One.
  2043 | D:3      | Reached skill level 5 in Fighting
  2098 | D:3      | Reached XP level 6. HP: 24/40 MP: 6/6
  2345 | D:3      | Found a white marble altar of Elyvilon.
  2384 | D:3      | Reached *** piety under Trog
  2536 | D:4      | Noticed Robin
  2587 | D:4      | Reached skill level 5 in Unarmed Combat
  2596 | D:4      | Killed Robin
  2838 | D:4      | Noticed Natasha
  2855 | D:4      | Killed Natasha
  2864 | D:4      | Reached XP level 7. HP: 36/45 MP: 7/7
  2943 | D:4      | Noticed Natasha
  2948 | D:4      | Killed Natasha
  2972 | D:4      | Noticed Natasha
  2982 | D:4      | Killed Natasha
  3176 | D:4      | Noticed Pikel
  3210 | D:4      | Killed Pikel
  3210 | D:4      | Reached XP level 8. HP: 50/53 MP: 8/8
  3236 | D:4      | Reached skill level 5 in Armour
  3266 | D:4      | Found a shimmering altar of Xom.
  3452 | D:5      | Entered Level 5 of the Dungeon
  3781 | D:5      | Reached **** piety under Trog
  4526 | D:6      | Reached XP level 9. HP: 53/60 MP: 9/9
  4634 | D:6      | Killed from afar by an orc priest

Skill      XL: |  1  2  3  4  5  6  7  8  9 |
---------------+----------------------------+-----
Fighting       | 4 5 7 8 |  8.8
Unarmed Combat | 4 5 6 7 8 |  8.1
Armour         | 3 4 5 6 |  6.0
Dodging        | |  1.5

Action                   |  1- 3 |  4- 6 |  7- 9 || total
-------------------------+-------+-------+-------++-------
Melee: Unarmed           |   127 |   310 |   282 ||   719
       Punch             |     1 |     1 |     2 ||     4
Invok: Trog's Hand       |       |     2 |     1 ||     3
       Berserk           |       |     1 |     1 ||     2
  Use: Scroll            |     4 |     6 |     4 ||    14
  Eat: Chunk             |       |     8 |     6 ||    14
       Ration            |       |       |     1 ||     1
Armor: Animal skin       |     7 |       |       ||     7
       Chain mail        |    46 |   197 |   144 ||   387
Dodge: Dodged            |    62 |   138 |    91 ||   291
